AoeStats
← RedPhosphoru

Arabian Desert

509745607Analyzed
1v1 RM · 4d ago on Sep 27, 2026· 35m 40s· 2 players
Game mode
Random Map
Map size
Tiny (2 player)
Population
200
Speed
Normal
Resources
Standard
Victory
Conquest
Starting age
Dark Age
Ending age
Imperial Age
RankedLock teamsTeams togetherTeam positionsShared explorationLock speedFull tech treeHidden civsTurbo modeCheats
Victory
Defeat
🇨🇳 Muisca · China
2590
+6
🇺🇸 Muisca · United States
2331
-6
RedPhosphoru
7:09 Loom
10:00 Feudal Age
14:22 Castle Age
21:09 Padded Archer Armor
23:43 Fletching
26:06 Sanctity
30:19 Bodkin Arrow
CNZS_CC
7:55 Feudal Age
6:35 Loom
8:38 Double-Bit Axe
12:11 Fletching
14:02 Padded Archer Armor
18:53 Castle Age
18:26 Gold Mining
18:28 Stone Mining
24:40 Bodkin Arrow
30:08 Horse Collar
33:45 Town Watch
Connection lost

Rejoining the realm…

Still unreachable

The connection could not be restored.

Session expired

The server has moved on; the page needs a fresh start.